 Dungeon Crawl Stone Soup version 0.21-a0-185-g3a6ed1e (webtiles) character file.

21 namelastname112 the Magician (level 2, 0/22 HPs)
             Began as a Draconian Wizard on Aug 12, 2017.
             Slain by a gnoll
             ... wielding a +0 spear
              (11 damage)
             ... on level 2 of the Dungeon.
             The game lasted 00:01:08 (720 turns).

namelastname112 the Magician (Draconian Wizard)      Turns: 720, Time: 00:01:09

Health: 0/22       AC:  5    Str:  9    XL:     2   Next: 65%
Magic:  4/6        EV: 12    Int: 18    God:
Gold:   55         SH:  0    Dex:  9    Spells: 6/7 levels left

rFire    . . .     SeeInvis .   h - +0 dagger
rCold    . . .     Gourm    .   (no shield)
rNeg     . . .     Faith    .   (armour unavailable)
rPois    .         Spirit   .   a - +0 hat
rElec    .         Reflect  .   (no cloak)
rCorr    .         Harm     .   j - +0 pair of gloves
MR       .....                  (no boots)
Stlth    ++........             (no amulet)
HPRegen  0.07/turn              (no ring)
MPRegen  0.10/turn              (no ring)

@: no status effects
A: unfitting armour, cold-blooded, AC +4
a: no special abilities


You were on level 2 of the Dungeon.
You were not hungry.

You visited 1 branch of the dungeon, and saw 2 of its levels.

You collected 55 gold pieces.

Inventory:

Hand Weapons
 h - a +0 dagger (weapon)
Armour
 a - a +0 hat (worn)
 j - a +0 pair of gloves (worn)
Scrolls
 d - a scroll of enchant weapon {unknown}
 e - 2 scrolls of identify {unknown}
 g - a scroll of enchant armour {unknown}
 n - a scroll of fog {unknown}
Potions
 f - 2 potions of resistance {unknown}
 i - a potion of haste {unknown}
 l - a potion of curing {unknown}
 m - a potion of heal wounds {unknown}
Books
 b - a book of Minor Magic

   Spells                             Type                      Level
   a - Magic Dart                     Conjuration                  1
   b - Blink                          Translocation                2
   c - Call Imp                       Summoning                    2
   d - Slow                           Hexes                        2
   e - Conjure Flame                  Conjuration/Fire             3
   f - Mephitic Cloud                 Conjuration/Poison/Air       3
Comestibles
 c - a bread ration
 k - a meat ration


   Skills:
 + Level 0.7 Fighting
 + Level 2.1 Dodging
 - Level 1.7 Stealth
 + Level 3.2 Spellcasting
 * Level 1.8 Conjurations
   Level 1.0 Summonings
   Level 1.0 Translocations


You had 6 spell levels left.
You knew the following spells:

 Your Spells              Type           Power        Failure   Level  Hunger
z - Magic Dart            Conj           #...         8%          1    None


Dungeon Overview and Level Annotations

Branches:
Dungeon (2/15)

Altars:
Xom

Annotations:
D:2 Terence


Innate Abilities, Weirdness & Mutations

Your plain brown scales are hard. (AC +4)
You cannot fit into any form of body armour.
You are cold-blooded and may be slowed by cold attacks.


Message History

The giant cockroach barely misses you.
Found a scroll labeled VEALIEP HOMM.
The giant cockroach closely misses you.
The giant cockroach bites you but does no damage.
You see here a scroll labeled VEALIEP HOMM.
n - a scroll labeled VEALIEP HOMM The giant cockroach closely misses you.
A gnoll comes into view. It is wielding a spear.
The giant cockroach barely misses you.
Terence says, "Don't bother to defend, it's pointless."
Found a stone staircase leading down.
A gnoll comes into view. It is wielding a spear.
The gnoll shouts!
A gnoll comes into view. It is wielding a halberd.
The giant cockroach bites you. Terence misses you.
You take 1 damage, and have 10/22 hp.
A gnoll comes into view.
The gnoll hits you with a spear!
Ouch! That really hurt!
You die...

#.#
g..
#g#
...
#g#
#.# .
#g# .
#@# .
#.# .
#s###
.##
#.@.#
..#
###.#
#.#
#.#
#.###
#.#
....#
#.#
###@#
#.#


You could see Terence, 4 gnolls and a giant cockroach.

Vanquished Creatures
  An ooze (D:1)
  2 bats (D:1)
  2 giant cockroaches (D:1)
  3 goblins (D:1)
  2 hobgoblins (D:1)
  3 kobolds (D:1)
  2 rats
15 creatures vanquished.

Notes
Turn   | Place    | Note
-------+----------+-------------------------------------------
     0 | D:1      | namelastname112 the Draconian Wizard began the quest for the Orb.
     0 | D:1      | Reached XP level 1. HP: 14/14 MP: 4/4
   162 | D:1      | Reached XP level 2. HP: 22/22 MP: 1/6
   663 | D:2      | Found a shimmering altar of Xom.
   677 | D:2      | Noticed Terence
   720 | D:2      | Slain by a gnoll

Vault maps used:
D:1:      dpeg_arrival_snail
D:2:      nicolae_overflow_crystal_walls, chequers_ecumenical_altar_grove,
          uniq_terence

Skill      XL: |  1  2 |
---------------+-------+-----
Dodging        | 2 |  2.1
Fighting       | |  0.7
Stealth        | |  1.7
Spellcasting   | |  3.2
Conjurations   | |  1.8
Summonings     | |  1.0
Translocations | |  1.0

Action                   || total
-------------------------++-------
Melee: Unarmed           ||    12
       Tailslap          ||     2
       Dagger            ||    21
 Cast: Magic Dart        ||    36
Armor: Skin              ||    17
Dodge: Dodged            ||    32
